 Dungeon Crawl Stone Soup version 0.17.0-23-g0de4337 (console) character file.

330 nht the Cudgeler (level 6, -1/59 HPs)
             Began as an Ogre Enchanter on Nov 14, 2015.
             Killed from afar by Ijyb (24 damage)
             ... with a wand of lightning
             ... on level 3 of the Dungeon.
             The game lasted 00:05:19 (2039 turns).

nht the Cudgeler (Ogre Enchanter)                   Turns: 2039, Time: 00:05:20

Health: -1/59      AC:  4    Str: 16    XL:     6   Next: 51%
Magic:  9/9        EV: 10    Int: 14    God:
Gold:   109        SH:  0    Dex: 10    Spells: 1 memorised, 8 levels left

rFire  . . .     SeeInvis .     h - +2 whip (drain)
rCold  . . .     Clarity  .     b - +1 robe
rNeg   + . .     SustAt   .     (no shield)
rPois  .         Gourm    .     (helmet restricted)
rElec  .         Spirit   .     (no cloak)
rCorr  .         Warding  +     (gloves unavailable)
rMut   .         Stasis   .     (boots unavailable)
MR     .....                    i - amulet of warding
Stlth  ++........               (no ring)
                                (no ring)

@: not resistant to hostile enchantments, unstealthy
A: unfitting armour, tough skin 1
a: no special abilities


You were on level 3 of the Dungeon.
You were hungry.

You visited 1 branch of the dungeon, and saw 3 of its levels.

You collected 109 gold pieces.

Inventory:

Hand Weapons
 a - a +1 dagger
 f - a +0 club
 h - a +2 whip of draining (weapon)
 l - a +0 flail
Armour
 b - a +1 robe (worn)
Jewellery
 i - an amulet of warding (around neck)
 q - an uncursed amulet of stasis
Wands
 j - a wand of frost (7)
Scrolls
 e - 3 scrolls of identify {unknown}
 k - a scroll of magic mapping {unknown}
 n - a scroll of enchant armour {unknown}
 o - a scroll of blinking {unknown}
Potions
 m - a potion of heal wounds
 p - a potion of curing
Books
 c - a book of Maledictions

   Spells                             Type                      Level
   a - Corona                         Hexes                        1
   b - Ensorcelled Hibernation        Hexes/Ice                    2
   c - Confuse                        Hexes                        3
   d - Tukima's Dance                 Hexes                        3
   e - Dazzling Spray                 Conjuration/Hexes            3
Comestibles
 d - 2 bread rations
 g - a meat ration


   Skills:
 - Level 2.5 Fighting
 - Level 0.5 Short Blades
 + Level 7.7 Maces & Flails
 - Level 1.7 Dodging
 - Level 2.4 Stealth
 - Level 2.4 Spellcasting
 - Level 2.1 Hexes


You had 8 spell levels left.
You knew the following spells:

 Your Spells              Type           Power        Failure   Level  Hunger
a - Corona                Hex            #......      12%         1    #......


Dungeon Overview and Level Annotations

Branches:
Dungeon (3/15)

Altars:
Elyvilon
Nemelex Xobeh

Annotations:
D:2 Robin
D:3 Ijyb


Innate Abilities, Weirdness & Mutations

You are too large for most types of armour.
You have tough skin (AC +1).


Message History

Ijyb is heavily wounded.
Ijyb grins evilly.
Ijyb zaps a wand.
The bolt of lightning hits you!
* * * LOW HITPOINT WARNING * * *
You closely miss Ijyb.
Ijyb is heavily wounded.
Drink which item? (? for menu, Esc to quit)
You feel much better.
Ijyb zaps a wand.
The bolt of lightning hits you!
You hit Ijyb. You drain Ijyb!
Ijyb is heavily wounded.
Ijyb drinks a potion.
Ijyb is healed!
You hit Ijyb. You drain Ijyb!
Ijyb is heavily wounded.
Ijyb zaps a wand.
The bolt of lightning misses you.
You barely miss Ijyb.
Ijyb is heavily wounded.
You hit Ijyb.
Ijyb is severely wounded.
Ijyb zaps a wand.
The bolt of lightning hits you!
You die... ... ██.>.....██.. .. █..██............ ..█████...........████ .................█████ .$..........███.███.. █.o.$.......███..█... █...██....███..█.. █................. ████.†....██..████... █.....███.███..█ ████

....█.@.██..█
██..█████
█████g.....██ █.██...
████..█..███ █..█.██
.....██..█ ████...██
██......█ ███........
█.█...█████...█████..
█.█...(..............
██.█.......█████████..
█....████....█ █..
█.██.█ █..█....█ ███
█.██.████.█████..


You could see Ijyb.

Vanquished Creatures
  Sigmund (D:3)
  Jessica (D:3)
  Terence (D:2)
  Natasha (D:3)
  A worker ant (D:3)
  An adder (D:3)
  2 worms (D:3)
  A giant gecko (D:1)
  4 orcs (D:3)
  2 giant cockroaches
  10 goblins
  11 hobgoblins
  2 jackals (D:1)
  7 kobolds
  2 quokkas
  A ball python (D:3)
  3 bats
  A giant newt (D:3)
  4 rats
56 creatures vanquished.

Notes
Turn   | Place    | Note
--------------------------------------------------------------
     0 | D:1      | nht the Ogre Enchanter began the quest for the Orb.
     0 | D:1      | Reached XP level 1. HP: 16/16 MP: 3/3
    52 | D:1      | Reached skill level 1 in Fighting
   106 | D:1      | Reached XP level 2. HP: 25/28 MP: 5/5
   161 | D:1      | Found a sparkling altar of Nemelex Xobeh.
   295 | D:1      | Reached skill level 1 in Maces & Flails
   605 | D:2      | Reached XP level 3. HP: 34/36 MP: 6/6
   861 | D:2      | Noticed Terence
   864 | D:2      | Noticed Robin
  1036 | D:3      | Noticed Sigmund
  1038 | D:3      | Reached skill level 3 in Maces & Flails
  1286 | D:2      | Killed Terence
  1286 | D:2      | Reached skill level 4 in Maces & Flails
  1286 | D:2      | Reached XP level 4. HP: 31/44 MP: 7/7
  1619 | D:3      | Noticed Jessica
  1648 | D:3      | Killed Jessica
  1657 | D:3      | Reached skill level 5 in Maces & Flails
  1674 | D:3      | Killed Sigmund
  1674 | D:3      | Reached skill level 7 in Maces & Flails
  1674 | D:3      | Reached XP level 5. HP: 21/50 MP: 8/8
  1674 | D:3      | Reached XP level 6. HP: 24/59 MP: 9/9
  1709 | D:3      | Found a white marble altar of Elyvilon.
  1746 | D:3      | Noticed Natasha
  1752 | D:3      | Killed Natasha
  2026 | D:3      | Noticed Ijyb
  2039 | D:3      | Killed from afar by Ijyb

Action                   |  1- 3 |  4- 6 || total
-------------------------+-------+-------++-------
Melee: Dagger            |   101 |       ||   101
       Whip              |    39 |    72 ||   111
Evoke: Wand              |       |     3 ||     3
  Use: Potion            |       |     2 ||     2
 Stab: Sleeping          |     6 |     1 ||     7
  Eat: Chunk             |     1 |     2 ||     3
